 Dungeon Crawl Stone Soup version 0.28.0-49-g6dfe1f597d (webtiles) character file.

Game seed: 16005365694730304233

9 nickcage the Sneak (level 2, -1/13 HPs)
             Began as a Spriggan Enchanter on May 11, 2022.
             Succumbed to a kobold's poison
             ... on level 1 of the Dungeon.
             The game lasted 00:01:40 (905 turns).

nickcage the Sneak (Spriggan Enchanter)              Turns: 905, Time: 00:01:41

Health: -1/13      AC:  2    Str:  4    XL:     2   Next: 6%
Magic:  6/6        EV: 17    Int: 16    God:
Gold:   42         SH:  0    Dex: 15    Spells: 4/6 levels left

rFire   . . .      SeeInvis +   a - +1 dagger
rCold   . . .      Faith    .   (no shield)
rNeg    . . .      Spirit   .   b - +0 robe
rPois   .          Reflect  .   (helmet restricted)
rElec   .          Harm     .   (no cloak)
rCorr   .          Rampage  .   (gloves unavailable)
Will    .....                   (boots unavailable)
Stlth   +++.......              (no amulet)
HPRegen 0.04/turn               (no ring)
MPRegen 0.10/turn               (no ring)

@: lethally poisoned (-1 -> -14), very quick
A: very small, no large weapons, unfitting armour, see invisible, speed 3
a: no special abilities


You were on level 1 of the Dungeon.
You visited 1 branch of the dungeon, and saw 1 of its levels.

You collected 42 gold pieces.

Inventory:

Hand Weapons
 a - a +1 dagger (weapon)
Armour
 b - a +0 robe (worn)
Scrolls
 d - a scroll of immolation {unknown}
 e - 2 scrolls of amnesia {unknown}
 f - a scroll of blinking {unknown}
 g - a scroll of fog {unknown}
Potions
 c - a potion of invisibility


   Skills:
 - Level 1.1 Short Blades
 - Level 2.6 Dodging
 - Level 4.4 Stealth
 - Level 2.6 Spellcasting
 + Level 4.4 Hexes


You had 4 spell levels left.
You knew the following spells:

 Your Spells              Type           Power      Damage    Failure   Level
a - Ensorcelled Hibernat  Hex/Ice        18%        N/A       12%         2

Your spell library contained the following spells:

 Spells                   Type           Power      Damage    Failure   Level
 Confusing Touch          Hex            16%        N/A       10%         3
 Tukima's Dance           Hex            16%        N/A       10%         3
 Dazzling Flash           Conj/Hex       18%        N/A       24%         3


Dungeon Overview and Level Annotations

Branches:
Dungeon (1/15)

Altars:


Innate Abilities, Weirdness & Mutations

You are very small and have problems with some larger weapons.
You are too small for most types of armour.
You have supernaturally acute eyesight. (SInv)
You cover ground extremely quickly. (Speed+++)


Message History

You open the door.
There is an open door here.
Found a ring mail.
You open the door.
There is an open door here.
Found a mace.
You see here a +0 mace.
As you open the door, it creaks loudly!
There is an open door here.
A kobold comes into view. It is wielding a +0 dagger of venom.
Found a scroll labelled XEOLIU MICAA.
The kobold shouts!
You hit the kobold.
The kobold is moderately wounded.
The kobold hits you but does no damage.
You are poisoned.
You barely miss the kobold.
The kobold is moderately wounded.
You feel sick. The kobold closely misses you.
You barely miss the kobold.
The kobold is moderately wounded.
You feel sick. The kobold misses you.
You hit the kobold.
The kobold is severely wounded.
You feel sick.
The kobold hits you with a +0 dagger of venom.
You are lethally poisoned!
You are too injured to fight recklessly!
You are too injured to fight recklessly!
You are too injured to fight recklessly!
You hit the kobold.
You kill the kobold!
* * * LOW HITPOINT WARNING * * *
You feel very sick.
* * * LOW HITPOINT WARNING * * *
You feel sick.
Things that are here:
a +0 dagger of venom; 2 stones
Okay, then.
You die...

.....
#.....
...... ...
...... ...
...... ###
####......
#.........
#.?.....#
#.).....#
#.@.....#
#.......#
#.......#
#######
#.......#
#......
#.......#
#.#####
#.......#
#.#
#.......#
#.#
#.......##
#.#
#.........
#.#


There were no monsters in sight!

Vanquished Creatures
  3 bats (D:1)
  An endoplasm (D:1)
  A goblin (D:1)
  2 ball pythons (D:1)
  2 frilled lizards (D:1)
  A kobold (D:1)
10 creatures vanquished.

Notes
Turn   | Place    | Note
-------+----------+-------------------------------------------
     0 | D:1      | nickcage the Spriggan Enchanter began the quest for the
                  | Orb.
     0 | D:1      | Reached XP level 1. HP: 9/9 MP: 5/5
     6 | D:1      | Noticed a komodo dragon
     7 | D:1      | Noticed a polar bear
     7 | D:1      | Noticed a salamander
   659 | D:1      | Reached XP level 2. HP: 13/13 MP: 6/6
   662 | D:1      | Learned a level 2 spell: Ensorcelled Hibernation
   905 | D:1      | Succumbed to a kobold's poison

Illustrated notes

Levels and vault maps discovered:
D:1:      onia_arrival_zoo_common, layout_basic, st_stairs_1, minmay_lizard_pond

Skill      XL: |  1 |
---------------+----+-----
Hexes          | 4 |  4.4
Short Blades   | |  1.1
Dodging        | |  2.6
Stealth        | |  4.4
Spellcasting   | |  2.6

Action                   || total
-------------------------++-------
Melee: Dagger            ||    39
 Stab: Sleeping          ||     1
Armor: Robe              ||     5
Dodge: Dodged            ||    52
